[Event "Early-Titled-Tuesday-Blitz-February-06-2024"]
[Site "Chess.com"]
[Date "2024.02.06"]
[Round "8"]
[White "Witik"]
[Black "KubaGepard"]
[Result "1-0"]
[WhiteElo "2769"]
[BlackElo "2555"]
[TimeControl "180+1"]
[EndTime "9:26:56 PST"]
[Termination "Witik won by resignation"]

1. d4 Nf6 2. c4 e6 3. Nf3 b6 4. g3 Bb4+ 5. Bd2 c5 6. Bxb4 cxb4 7. Nbd2 Bb7 8. Bg2 O-O 9. O-O Qe7 10. Qc2 d6 11. a3 bxa3 12. b4 Nc6 13. b5 Na5 14. Qd3 d5 15. c5 bxc5 16. Qxa3 Nc4 17. Nxc4 dxc4 18. dxc5 Bd5 19. c6 Qxa3 20. Rxa3 Ne8 21. Nd4 Bxg2 22. Kxg2 Nc7 23. Rfa1 e5 24. Rxa7 exd4 25.
b6 Rxa7 26. Rxa7 c3 27. bxc7 Rc8 28. Rb7 1-0

[Event "Early-Titled-Tuesday-Blitz-February-06-2024"]
[Site "Chess.com"]
[Date "2024.02.06"]
[Round "8"]
[White "BallottiLuca"]
[Black "Flawless_Fighter"]
[Result "0-1"]
[WhiteElo "2357"]
[BlackElo "2714"]
[TimeControl "180+1"]
[EndTime "9:26:58 PST"]
[Termination "Flawless_Fighter won by resignation"]

1. d4 Nf6 2. c4 e6 3. Nf3 d5 4. Nc3 c5 5. cxd5 Nxd5 6. e4 Nxc3 7. bxc3 cxd4 8. cxd4 Bb4+ 9. Bd2 Bxd2+ 10. Qxd2 O-O 11. Bc4 Nd7 12. O-O b6 13. Rad1 Bb7 14. Rfe1 Nf6 15. Qf4 Rc8 16. Bd3 Qc7 17. Qh4 h6 18. Re3 Rfd8 19.
g4 Qf4 20. Qg3 Qxg4 21. Qxg4 Nxg4 22. Re2 Nf6 23. Bb1 Kf8 24. Ne5 Nd7 25. Nxd7+ Rxd7 26. f3 Rc4 27. Red2 Ke7 28. Kf2 g5 29. Bc2 b5 30. Bb3 Rc3 31. Rd3 Rxd3 32. Rxd3 a5 33.
Ke3 Rc7 34. Rd1 a4 35. d5 Rc8 36. dxe6 fxe6 37. Bxe6 Kxe6 38. f4 Rc3+ 39. Kd4 Rc4+ 40.
Kd3 Bxe4+ 41. Ke3 gxf4+ 42. Kf2 Rc2+ 43. Kg1 Rxa2 44. Re1 Kf5 45. h4 b4 46. h5 b3 47. Rc1 Rc2 48. Rd1 b2 0-1

[Event "Early-Titled-Tuesday-Blitz-February-06-2024"]
[Site "Chess.com"]
[Date "2024.02.06"]
[Round "8"]
[White "kibromNNN"]
[Black "kai_nov"]
[Result "0-1"]
[WhiteElo "1788"]
[BlackElo "2295"]
[TimeControl "180+1"]
[EndTime "9:27:00 PST"]
[Termination "kai_nov won by resignation"]

1. d4 d5 2. c4 e6 3. Nc3 Be7 4. Nf3 Nf6 5. Bf4 O-O 6. e3 c5 7. cxd5 Nxd5 8. Nxd5 exd5 9. dxc5 Bxc5 10. Be2 Bb4+ 11. Kf1 Nc6 12. a3 Be7 13. h3 Be6 14. Rc1 Rc8 15. Bd3 Bf6 16. Qd2 Qb6 17. b4 a5 18. Bd6 Rfd8 19. Bc5 Qc7 20. b5 Nb8 21. a4 b6 22. Ba3 Qb7 23. Ke2 Nd7 24. Rhd1 Nc5 25.
Bc2 d4 26. Kf1 d3 27. Bb1 Nb3 28. Qe1 Nxc1 29. Bxc1 Bb3 30. Rxd3 Bc4 31. Kg1 0-1

[Event "Early-Titled-Tuesday-Blitz-February-06-2024"]
[Site "Chess.com"]
[Date "2024.02.06"]
[Round "8"]
[White "Muslim_player_05"]
[Black "JiiHart"]
[Result "1-0"]
[WhiteElo "2476"]
[BlackElo "2148"]
[TimeControl "180+1"]
[EndTime "9:27:00 PST"]
[Termination "Muslim_player_05 won by resignation"]

1. d4 d5 2. c4 c5 3. cxd5 Qxd5 4. Nf3 cxd4 5. Nc3 Qa5 6. Nxd4 a6 7. Nb3 Qh5 8. Nd5 Qxd5 9. Qxd5 Nf6 10. Qc4 Be6 11. Qc7 Nbd7 12. Bd2 g6 13. Rc1 Rd8 14. Na5 Nd5 15.
Qc8 N7b6 16. Qxb7 Bg7 17. e4 O-O 18. exd5 Nxd5 19. Bc4 Rb8 20. Bxd5 Rxb7 21. Bxb7 Bxb2 22. Rc7 Be5 23. Rc1 Rd8 24. Nc4 Bg7 25. Be3 Bxc4 26.
Rxc4 Rb8 27. Rc8+ Rxc8 28. Bxc8 Bc3+ 29. Ke2 a5 30. Rd1 1-0

[Event "Early-Titled-Tuesday-Blitz-February-06-2024"]
[Site "Chess.com"]
[Date "2024.02.06"]
[Round "8"]
[White "Kunalm64"]
[Black "GrumbleBruno"]
[Result "0-1"]
[WhiteElo "2552"]
[BlackElo "2478"]
[TimeControl "180+1"]
[EndTime "9:27:04 PST"]
[Termination "GrumbleBruno won by resignation"]

1. e4 e5 2. Nf3 d5 3. exd5 e4 4. Qe2 Nf6 5. Nc3 Be7 6. Nxe4 Nxd5 7. Nc3 Nxc3 8. dxc3 O-O 9. Bd2 Re8 10. O-O-O Bd6 11.
Qd3 Nc6 12. Bg5 f6 13. Be3 Qe7 14. Qb5 a6 15. Qb3+ Be6 16. Bc4 Bxc4 17. Qxc4+ Kh8 18. Rhe1 Ne5 19. Nxe5 Qxe5 20. g3 Rad8 21. Bf4 Qxe1 22. Rxe1 Bxf4+ 23. Re3 Rxe3 24. b3 Re4+ 0-1

[Event "Early-Titled-Tuesday-Blitz-February-06-2024"]
[Site "Chess.com"]
[Date "2024.02.06"]
[Round "8"]
[White "EsmeraldasAnderson03"]
[Black "arnash_bauyrzhan"]
[Result "1-0"]
[WhiteElo "2405"]
[BlackElo "2258"]
[TimeControl "180+1"]
[EndTime "9:27:06 PST"]
[Termination "EsmeraldasAnderson03 won on time"]

1. d4 d5 2. c4 e6 3. cxd5 exd5 4. Nc3 c6 5. Nf3 Nf6 6. Bg5 Be7 7. e3 Bf5 8. Bd3 Bxd3 9. Qxd3 O-O 10. O-O Nbd7 11. a3 h6 12. Bh4 Ne4 13. Bxe7 Qxe7 14. Nd2 f5 15. b4 Rae8 16. Rab1 Qg5 17. Nf3 Qg4 18. h3 Qh5 19. b5 Rf6 20. bxc6 bxc6 21. Ne2 Nb6 22. Nf4 Qf7 23. Ne5 Qc7 24. Rfc1 Rxe5 25.
dxe5 Qxe5 26. Qd4 Qd6 27. a4 c5 28. Qd3 c4 29. Qd4 Qc6 30. a5 Nd7 31. Qxd5+ Qxd5 32. Nxd5 Rd6 33. Ne7+ Kf7 34. Nxf5 Rd2 35. f3 Nf2 36. Rxc4 Nd3 37. Rd4 N7e5 38. f4 Kf6 39. Nd6 1-0

[Event "Early-Titled-Tuesday-Blitz-February-06-2024"]
[Site "Chess.com"]
[Date "2024.02.06"]
[Round "8"]
[White "laskakid"]
[Black "IsaqueGoncalvesSanto"]
[Result "1-0"]
[WhiteElo "2329"]
[BlackElo "1855"]
[TimeControl "180+1"]
[EndTime "9:27:10 PST"]
[Termination "laskakid won on time"]

1. d4 d5 2. c4 c6 3. cxd5 cxd5 4. Bf4 Nf6 5. e3 Bf5 6. Qb3 Qa5+ 7. Nc3 b6 8. Bb5+ Nbd7 9. Nf3 a6 10. Bc6 Rc8 11. Bxd5 Nxd5 12. Qxd5 Qxd5 13. Nxd5 e6 14. Nc7+ Kd8 15.
Rc1 Bd3 16. Kd2 e5 17. Nxe5 Nxe5 18. Bxe5 Be4 19. f3 Bb7 20. a3 f6 21. Bg3 Be7 22.
Ne6+ Kd7 23. Nxg7 1-0

[Event "Early-Titled-Tuesday-Blitz-February-06-2024"]
[Site "Chess.com"]
[Date "2024.02.06"]
[Round "8"]
[White "SmirnovTimofey2000"]
[Black "FMVolodymyrSakun"]
[Result "0-1"]
[WhiteElo "1974"]
[BlackElo "2529"]
[TimeControl "180+1"]
[EndTime "9:27:12 PST"]
[Termination "FMVolodymyrSakun won on time"]

1. e4 c5 2. c3 Nf6 3. e5 Nd5 4.
Nf3 d6 5. Bc4 e6 6. Bxd5 exd5 7.
exd6 Bxd6 8. O-O O-O 9. d4 Bg4 10. h3 Bh5 11. Nbd2 Nc6 12. dxc5 Bxc5 13. Qc2 Rc8 14. Qf5 Bg6 15. Qg5 Qxg5 16. Nxg5 Rfe8 17. Nb3 Bb6 18. Bf4 Re2 19. Bc1 d4 20. cxd4 Nxd4 21. Nxd4 Bxd4 22. Nf3 Bxb2 23. Bxb2 Rxb2 24. Rfe1 h6 25.
Re7 Rcc2 26. Nh4 Rxf2 27. Rc1 Bh5 28.
g4 g5 29. Re8+ Kh7 30. Rcc8 gxh4 31. Rh8+ Kg7 32. Rhg8+ Kf6 33. gxh5 Rf5 34. Rc1 Rg5+ 35. Kh1 Rxg8 0-1

[Event "Early-Titled-Tuesday-Blitz-February-06-2024"]
[Site "Chess.com"]
[Date "2024.02.06"]
[Round "8"]
[White "HeroWilczek"]
[Black "Akylbek2021"]
[Result "1-0"]
[WhiteElo "2486"]
[BlackElo "2299"]
[TimeControl "180+1"]
[EndTime "9:27:15 PST"]
[Termination "HeroWilczek won on time"]

1. e4 e6 2. d3 d5 3. Nd2 c5 4. g3 Nc6 5. Bg2 g6 6. Ngf3 Bg7 7. O-O Nge7 8. c3 O-O 9. Qe2 b5 10. Re1 a5 11. Nf1 b4 12. h4 a4 13. a3 bxc3 14.
bxc3 Ba6 15. e5 Na5 16. Bg5 Qc7 17. h5 Nf5 18. g4 Nh6 19. Bh3 Rab8 20. Qe3 Nb3 21.
Rad1 d4 22. cxd4 cxd4 23. Qf4 Qc6 24. Bg2 Nf5 25. gxf5 exf5 26. Nxd4 Qc3 27. Nc6 1-0

[Event "Early-Titled-Tuesday-Blitz-February-06-2024"]
[Site "Chess.com"]
[Date "2024.02.06"]
[Round "8"]
[White "Chemim21"]
[Black "Darius321"]
[Result "0-1"]
[WhiteElo "2240"]
[BlackElo "2374"]
[TimeControl "180+1"]
[EndTime "9:27:15 PST"]
[Termination "Darius321 won on time"]

1. d4 d5 2. Nf3 Nf6 3. Bf4 Bf5 4. e3 e6 5. c4 Bxb1 6. Rxb1 Bb4+ 7. Ke2 O-O 8. Qb3 Nc6 9. a3 dxc4 10. Qxc4 Bd6 11.
Bg5 h6 12. Bh4 e5 13. d5 Na5 14. Qc3 b6 15. b4 Nb7 16. Bxf6 Qxf6 17. e4 Qg6 18. Qe3 a5 19. b5 f5 20. exf5 Qxf5 21. Rd1 Bc5 22. Qb3 e4 23. d6+ Kh8 24. dxc7 exf3+ 25.
gxf3 Rfe8+ 26. Kd2 Rad8+ 27. Kc1 Rxd1+ 28. Kxd1 Qd7+ 29.
Bd3 Qxc7 30. Rg1 Bxf2 31. Rg6 Re1+ 0-1

[Event "Early-Titled-Tuesday-Blitz-February-06-2024"]
[Site "Chess.com"]
[Date "2024.02.06"]
[Round "8"]
[White "h4parah5"]
[Black "Jospem"]
[Result "1/2-1/2"]
[WhiteElo "2940"]
[BlackElo "3058"]
[TimeControl "180+1"]
[EndTime "9:27:16 PST"]
[Termination "Game drawn by agreement"]

1. e4 e5 2. Nf3 Nc6 3. Bb5 a6 4. Ba4 Nf6 5. O-O Be7 6. Re1 b5 7. Bb3 d6 8. c3 O-O 9. h3 Be6 10. Bxe6 fxe6 11. d4 Qd7 12. dxe5 Nxe5 13. Nxe5 dxe5 14.
Qxd7 Nxd7 15. Be3 Nc5 16. Nd2 Nd3 17. Reb1 Bc5 18. Bxc5 Nxc5 19. Nf3 Nxe4 20. Re1 Nc5 21. Nxe5 Rad8 22. Rad1 Na4 23. Rxd8 Rxd8 24. Re2 Rd6 25. c4 b4 26. f4 Rd1+ 27. Kf2 Ra1 28. Rd2 h5 29.
Nc6 Rxa2 30. Nxb4 Rxb2 31. Rxb2 Nxb2 32. Nxa6 Nxc4 33. Nxc7 Kf7 1/2-1/2

[Event "Early-Titled-Tuesday-Blitz-February-06-2024"]
[Site "Chess.com"]
[Date "2024.02.06"]
[Round "8"]
[White "Ducke13"]
[Black "Barmen_EV"]
[Result "0-1"]
[WhiteElo "2283"]
[BlackElo "2490"]
[TimeControl "180+1"]
[EndTime "9:27:16 PST"]
[Termination "Barmen_EV won on time"]

1. d4 Nf6 2. g3 g6 3. Bg2 Bg7 4. e4 O-O 5. Ne2 d6 6. O-O e5 7.
Nbc3 Nc6 8. dxe5 dxe5 9. Bg5 Qxd1 10. Raxd1 Be6 11. Rd2 h6 12. Be3 Ng4 13. Bc5 Rfd8 14. Rfd1 Rxd2 15. Rxd2 b6 16. Ba3 Nd4 17. h3 Rd8 18.
Nxd4 Rxd4 19. Rxd4 exd4 20. Nb5 Ne5 21. Nxc7 Bxa2 22.
f4 Nc4 23. e5 Ne3 24. Be4 Bb1 25. Nb5 Bxc2 26. Bf3 d3 27. Kf2 Nc4 28. Nc3 Nxa3 29. bxa3 Bf8 0-1

[Event "Early-Titled-Tuesday-Blitz-February-06-2024"]
[Site "Chess.com"]
[Date "2024.02.06"]
[Round "8"]
[White "Drags95"]
[Black "M1711"]
[Result "0-1"]
[WhiteElo "2828"]
[BlackElo "2666"]
[TimeControl "180+1"]
[EndTime "9:27:18 PST"]
[Termination "M1711 won by resignation"]

1. d4 d5 2. c4 c6 3. Nc3 Nf6 4. e3 e6 5. Nf3 Nbd7 6. Be2 Bd6 7. O-O O-O 8. b3 Re8 9. Bb2 e5 10. dxe5 Nxe5 11. cxd5 cxd5 12. Nb5 Bb8 13. Nxe5 Bxe5 14.
Bxe5 Rxe5 15. Rc1 Bd7 16. Nd4 Qb6 17. Qc2 Rc8 18. Qd2 Ree8 19. Rxc8 Rxc8 20. Rc1 Rc5 21.
f3 Qc7 22. Rxc5 Qxc5 23. Kf2 h6 24. Bd3 Kf8 25. b4 Qc7 26. a3 Qxh2 27. Qc3 Qd6 28. b5 Ke7 29. a4 h5 30. a5 h4 31. Ne2 h3 32. gxh3 Bxh3 33. Qd4 b6 34. axb6 axb6 35. Qh4 Qh2+ 36. Ke1 Qh1+ 37. Kd2 Qxf3 38. Qh8 g6 39. Qb8 Nd7 40. Qc7 Bf5 41. Nd4 Qg2+ 42. Be2 Qe4 43. Bf3 Qd3+ 0-1

[Event "Early-Titled-Tuesday-Blitz-February-06-2024"]
[Site "Chess.com"]
[Date "2024.02.06"]
[Round "8"]
[White "KhazhatulyAlikhan"]
[Black "ChainedDowntohell"]
[Result "0-1"]
[WhiteElo "2403"]
[BlackElo "2551"]
[TimeControl "180+1"]
[EndTime "9:27:23 PST"]
[Termination "ChainedDowntohell won by checkmate"]

1. e4 c5 2. Nf3 Nc6 3. d4 cxd4 4.
Nxd4 g6 5. c4 Bg7 6. Nc2 e6 7.
Be2 Nge7 8. O-O O-O 9. Nc3 f5 10. exf5 Nxf5 11. Ne4 d5 12. cxd5 exd5 13. Bg5 Qd7 14.
Nc3 h6 15. Bf4 d4 16. Bc4+ Kh7 17. Ne4 b6 18. Qd3 Bb7 19. Rad1 Rad8 20. Qh3 Rde8 21. Ng5+ Kh8 22. Rfe1 d3 23. Rxd3 Ncd4 24. Nxd4 Rxe1# 0-1

[Event "Early-Titled-Tuesday-Blitz-February-06-2024"]
[Site "Chess.com"]
[Date "2024.02.06"]
[Round "8"]
[White "nikitadovbnya2008"]
[Black "Kazan28"]
[Result "0-1"]
[WhiteElo "2289"]
[BlackElo "2604"]
[TimeControl "180+1"]
[EndTime "9:27:24 PST"]
[Termination "Kazan28 won by resignation"]

1. e4 d6 2. d4 Nf6 3. Nd2 e5 4. c3 Be7 5. Ngf3 Nbd7 6. Bd3 O-O 7. O-O Re8 8. Re1 Bf8 9. Nf1 c6 10. Ng3 g6 11. Bg5 Bg7 12. Qd2 Nf8 13. Rad1 Bg4 14. Be2 Qa5 15. b4 Qc7 16. h3 Bxf3 17. Bxf3 Ne6 18.
Bh6 Bxh6 19. Qxh6 Qe7 20. d5 cxd5 21. exd5 Ng7 22. c4 b6 23. c5 a5 24. cxd6 Qxd6 25. bxa5 Rxa5 26. Ne4 Nxe4 27. Bxe4 Rxa2 28. Qe3 Ra5 29. Rb1 Rc5 30. Rec1 Rec8 31. Rxc5 bxc5 32. g4 Ne8 33. g5 Ng7 34. Rb7 Nh5 35. Qa3 Nf4 36.
Qa7 Nxh3+ 37. Kf1 Nxg5 38. Rd7 Qf6 39. Bg2 e4 40. Qb7 Re8 41. d6 e3 0-1

[Event "Early-Titled-Tuesday-Blitz-February-06-2024"]
[Site "Chess.com"]
[Date "2024.02.06"]
[Round "8"]
[White "bogcsab"]
[Black "Goryachkina"]
[Result "0-1"]
[WhiteElo "2457"]
[BlackElo "2671"]
[TimeControl "180+1"]
[EndTime "9:27:26 PST"]
[Termination "Goryachkina won by checkmate"]

1. d4 Nf6 2. c4 e6 3. Nf3 d5 4.
g3 dxc4 5. Bg2 Nbd7 6. O-O Rb8 7. a4 c6 8. Qc2 Be7 9. Qxc4 O-O 10. Nc3 a5 11. e4 Bb4 12. e5 Nd5 13. Nxd5 cxd5 14.
Qd3 h6 15. Be3 Qe7 16. Rfc1 Nb6 17. b3 Bd7 18. Rc7 Rfc8 19. Rac1 Qd8 20. Rxc8 Rxc8 21. Qd1 Rc6 22. Rxc6 Bxc6 23. Ne1 Nc8 24. Nd3 Bf8 25.
Qc2 Ne7 26. g4 Qb6 27. Qc3 Ng6 28. Bd2 Nh4 29. Bh1 Be7 30. Nc5 Bxc5 31. dxc5 Qa6 32.
Qxa5 Qe2 33. Qd8+ Kh7 34. Qxh4 Qd1+ 35. Kg2 d4+ 36. Kh3 Bxh1 37. Qe7 Qf1+ 38. Kh4 Qxf2+ 39.
Kh3 Qg2+ 40. Kh4 Qxh2# 0-1

[Event "Early-Titled-Tuesday-Blitz-February-06-2024"]
[Site "Chess.com"]
[Date "2024.02.06"]
[Round "8"]
[White "igorknyazev"]
[Black "yuriydovzik"]
[Result "0-1"]
[WhiteElo "2130"]
[BlackElo "2209"]
[TimeControl "180+1"]
[EndTime "9:27:26 PST"]
[Termination "yuriydovzik won on time"]

1. e4 Nf6 2. e5 Nd5 3. d4 d6 4. Nf3 Bg4 5. Bc4 c6 6. O-O e6 7. h3 Bxf3 8. Qxf3 dxe5 9. dxe5 Nd7 10. Qg3 g6 11. Bg5 Qc7 12. Re1 Bg7 13. f4 Qb6+ 14.
Kh1 Qxb2 15. Nd2 Qxc2 16. Ne4 O-O 17. Rac1 Qa4 18. Bxd5 cxd5 19. Nf6+ Nxf6 20. exf6 Bh8 21.
Qh4 Rfc8 22. Rcd1 Qxa2 23. Qh6 Rc2 24. Rxe6 Rxg2 0-1

[Event "Early-Titled-Tuesday-Blitz-February-06-2024"]
[Site "Chess.com"]
[Date "2024.02.06"]
[Round "8"]
[White "verrbaa"]
[Black "N_I_Chess"]
[Result "1-0"]
[WhiteElo "2496"]
[BlackElo "2343"]
[TimeControl "180+1"]
[EndTime "9:27:28 PST"]
[Termination "verrbaa won on time"]

1. e4 Nf6 2. e5 Nd5 3. d4 d6 4.
Nf3 dxe5 5. Nxe5 c6 6. Bc4 Nd7 7. O-O Nxe5 8. dxe5 Bf5 9. Qe2 e6 10. c3 Bc5 11. a4 a5 12. Nd2 Nf4 13. Qf3 Nd3 14.
Ne4 Nxe5 15. Qg3 Nxc4 16. Qxg7 Bxe4 17. Bg5 Be7 18. Qxh8+ Kd7 19. Rad1+ Bd5 20. Qd4 Bxg5 21. Qxc4 Be7 22. Qd3 1-0

[Event "Early-Titled-Tuesday-Blitz-February-06-2024"]
[Site "Chess.com"]
[Date "2024.02.06"]
[Round "8"]
[White "ChristopherYoo"]
[Black "DevikBronstein"]
[Result "1-0"]
[WhiteElo "2979"]
[BlackElo "2905"]
[TimeControl "180+1"]
[EndTime "9:27:30 PST"]
[Termination "ChristopherYoo won by checkmate"]

1. e4 c5 2. Nf3 Nc6 3. Bb5 g6 4.
O-O Bg7 5. Re1 e5 6. c3 Nge7 7. Na3 O-O 8. d3 a6 9. Bxc6 Nxc6 10. Nc4 d6 11. a4 Be6 12. Ng5 b5 13. axb5 axb5 14.
Rxa8 Qxa8 15. Nxe6 fxe6 16. Ne3 Qa2 17. h4 d5 18. h5 d4 19. Ng4 dxc3 20. h6 Bf6 21.
bxc3 Be7 22. Be3 b4 23. cxb4 cxb4 24. Qc1 Qa6 25. Bg5 Bxg5 26. Qxg5 Qxd3 27. Rc1 Qd6 28.
Kh2 b3 29. Rxc6 Qxc6 30. Qe7 Rf7 31. Nf6+ Rxf6 32. Qg7# 1-0

[Event "Early-Titled-Tuesday-Blitz-February-06-2024"]
[Site "Chess.com"]
[Date "2024.02.06"]
[Round "8"]
[White "Boundless_Strike"]
[Black "vladoboch"]
[Result "1-0"]
[WhiteElo "2664"]
[BlackElo "2470"]
[TimeControl "180+1"]
[EndTime "9:27:31 PST"]
[Termination "Boundless_Strike won by resignation"]

1. d4 Nf6 2. f3 d5 3. e4 dxe4 4.
Nc3 Bf5 5. fxe4 Nxe4 6. Qf3 Nxc3 7. bxc3 Bc8 8. Bc4 e6 9. Nh3 Be7 10. O-O O-O 11. Nf4 Bd7 12. Nh5 g6 13. Bh6 Bg5 14.
Bxf8 Qxf8 15. Nf6+ Bxf6 16. Qxf6 Nc6 17. d5 exd5 18.
Rad1 Be6 19. Bxd5 Re8 20. c4 Nd8 21. Kh1 c6 22. Bxe6 Nxe6 23. Rd7 Nd8 24. Rfd1 Qb4 25.
Rxd8 1-0

[Event "Early-Titled-Tuesday-Blitz-February-06-2024"]
[Site "Chess.com"]
[Date "2024.02.06"]
[Round "8"]
[White "ChessQueen"]
[Black "koncheto"]
[Result "1-0"]
[WhiteElo "2690"]
[BlackElo "2514"]
[TimeControl "180+1"]
[EndTime "9:27:31 PST"]
[Termination "ChessQueen won on time"]

1. d4 Nf6 2. Nf3 e6 3. g3 c5 4. Bg2 d5 5. c4 Be7 6. O-O O-O 7. cxd5 Nxd5 8. Nc3 Nc6 9. e4 Nf6 10. d5 exd5 11.
exd5 Nb4 12. Ne5 Bf5 13. Be3 Bd6 14. Bf4 g5 15. Bxg5 Bxe5 16. Qf3 Bg4 17. Qe3 Re8 18. Qd2 Qd7 19. Bh6 Bh5 20. Rfe1 Bg6 21. Re2 Re7 22.
Rae1 Rae8 23. h3 Bxc3 24. bxc3 Rxe2 25. Rxe2 Rxe2 26. Qxe2 Nbxd5 27. Qe5 Qe6 28. Qb8+ Qe8 29. Qxb7 Ne7 30. g4 1-0

[Event "Early-Titled-Tuesday-Blitz-February-06-2024"]
[Site "Chess.com"]
[Date "2024.02.06"]
[Round "8"]
[White "AryanTari"]
[Black "bescmelasti"]
[Result "1-0"]
[WhiteElo "2931"]
[BlackElo "2683"]
[TimeControl "180+1"]
[EndTime "9:27:33 PST"]
[Termination "AryanTari won by resignation"]

1. a3 e5 2. e4 Nf6 3. Nc3 Nc6 4. Nf3 d5 5. Bb5 Nxe4 6. Qe2 Nxc3 7. Qxe5+ Qe7 8. dxc3 Bd7 9. Qxe7+ Bxe7 10. Bf4 O-O-O 11. O-O-O Bg4 12. Bxc6 bxc6 13. Rde1 Bd6 14. Bxd6 cxd6 15. Nd4 Kc7 16. Re7+ Rd7 17. Rhe1 Rd8 18. h3 Bh5 19. f4 c5 20. g4 cxd4 21. cxd4 Rxe7 22. Rxe7+ Rd7 23.
Re8 Rd8 24. Re7+ Rd7 25. Re1 Bg6 26. f5 Kd8 27. Kd2 Rb7 28. b4 a5 29. c3 axb4 30. cxb4 Bxf5 31. gxf5 g6 32. f6 Ra7 33. Ra1 Kd7 34. a4 Ke6 35. b5 Kxf6 36. a5 Ke6 37. a6 1-0

[Event "Early-Titled-Tuesday-Blitz-February-06-2024"]
[Site "Chess.com"]
[Date "2024.02.06"]
[Round "8"]
[White "CaspiIsrael"]
[Black "Cambek64"]
[Result "1-0"]
[WhiteElo "2667"]
[BlackElo "2511"]
[TimeControl "180+1"]
[EndTime "9:27:34 PST"]
[Termination "CaspiIsrael won by resignation"]

1. d4 c5 2. d5 e5 3. Nc3 d6 4. e4 Be7 5. Bb5+ Nd7 6. a4 Nf6 7. Be3 O-O 8. f3 Ne8 9. Nge2 Bg5 10. Bf2 a6 11. Bd3 Bh6 12. g4 g6 13. h4 f6 14. h5 Bg5 15. a5 Nc7 16. Ng3 Kg7 17. Qe2 Rh8 18. Kf1 Nf8 19. Kg2 Bd7 20. Na4 Qe7 21. Nb6 Rd8 22. c4 Be8 23. b4 cxb4 24. Qb2 Na8 25. Qxb4 Nxb6 26. Bxb6 Rd7 27. c5 dxc5 28.
Bxc5 Qd8 29. h6+ Kf7 30. Rab1 Bf4 31. Ne2 g5 32. Bc2 Ng6 33. Ba4 Rc7 34. d6 Bxa4 35.
dxc7 Qd3 36. Qxa4 Qxe2+ 37. Bf2 Be3 38. Qb3+ Ke7 39. Qxe3 Nf4+ 40. Kg3 Qc4 41. Qc5+ 1-0

[Event "Early-Titled-Tuesday-Blitz-February-06-2024"]
[Site "Chess.com"]
[Date "2024.02.06"]
[Round "8"]
[White "FoxOnTheRun97"]
[Black "viniciusrego"]
[Result "0-1"]
[WhiteElo "2627"]
[BlackElo "2471"]
[TimeControl "180+1"]
[EndTime "9:27:35 PST"]
[Termination "viniciusrego won by resignation"]

1. d4 g6 2. h4 h5 3. e4 c6 4.
Bd3 d5 5. e5 Bg7 6. Ne2 Nh6 7.
Ng3 Bg4 8. f3 Bc8 9. c3 c5 10. Qc2 cxd4 11. Bxg6 fxg6 12. Qxg6+ Kf8 13. Nxh5 Nf5 14. Nxg7 Nxg7 15. Bh6 Rg8 16. e6 Bxe6 17. Qxe6 Nc6 18. Qf5+ Ke8 19. Qg6+ Kf8 20. Nd2 dxc3 21. bxc3 Qa5 22. O-O Qxc3 23. Rfe1 Qf6 24. Qxf6+ exf6 25. Nb3 Kf7 26. Nc5 Nf5 27. Bf4 Nxh4 28.
Re2 Nxf3+ 29. Kf2 Nfd4 30. Rd2 Rg4 31. g3 Rh8 32. Nxb7 Rh2+ 33. Ke3 Nc2+ 34. Kd3 Rxd2+ 35. Kxd2 Nxa1 36. Nd6+ Ke6 37. Nb5 Rg8 38. Kc3 Rh8 39.
Nc7+ Kf5 40. Nxd5 Rh1 41. a4 Ke4 42. Nxf6+ Kf5 43. Nd5 Ke6 44. Nc7+ Kd7 45. Nb5 a6 46.
Na3 Rf1 47. Nc4 Rf3+ 48. Kb2 Nb3 49. Ne3 Nc5 50. Nd5 Nd3+ 51. Kc2 Nxf4 52. g4 Nxd5 0-1

[Event "Early-Titled-Tuesday-Blitz-February-06-2024"]
[Site "Chess.com"]
[Date "2024.02.06"]
[Round "8"]
[White "RandomNoob04"]
[Black "rezamahdavi2008"]
[Result "1-0"]
[WhiteElo "2593"]
[BlackElo "2830"]
[TimeControl "180+1"]
[EndTime "9:27:36 PST"]
[Termination "RandomNoob04 won on time"]

1. e4 g6 2. h4 Bg7 3. h5 d6 4. d4 Nc6 5. c3 e5 6. h6 Bf8 7. Nf3 Bg4 8. Bb5 Nf6 9. dxe5 dxe5 10. Bxc6+ bxc6 11. Qxd8+ Rxd8 12. Bg5 Be7 13. Nbd2 Bxf3 14.
Nxf3 Nxe4 15. Bxe7 Kxe7 16. Nxe5 Kf6 17. Nxc6 Rd6 18.
Nd4 c5 19. Nb3 Rhd8 20. O-O Kg5 21. Rfe1 f5 22. f3 Ng3 23. Nxc5 Rd2 24. Ne6+ Kxh6 25.
Nxd8 Rxd8 26. Rad1 Rb8 27. b3 Kg5 28. Rd7 h5 29. Kf2 h4 30. Rd6 Nh5 31. Re7 Nf4 32. c4 a5 33. c5 a4 34. c6 axb3 35. c7 bxa2 36. cxb8=Q a1=Q 37. Qd8 1-0

[Event "Early-Titled-Tuesday-Blitz-February-06-2024"]
[Site "Chess.com"]
[Date "2024.02.06"]
[Round "8"]
[White "blitzking1729"]
[Black "Orest_Vovk"]
[Result "1-0"]
[WhiteElo "2744"]
[BlackElo "2578"]
[TimeControl "180+1"]
[EndTime "9:27:37 PST"]
[Termination "blitzking1729 won on time"]

1. c4 g5 2. d4 h6 3. h4 Bg7 4.
hxg5 c5 5. gxh6 cxd4 6. Nf3 Qb6 7. Rh4 Nxh6 8. Nxd4 Nc6 9. Nb5 d6 10. N1c3 Ng4 11. Rxh8+ Bxh8 12. e3 Bxc3+ 13. Nxc3 Be6 14. Nd5 Qd8 15. Bd2 Kd7 16. Be2 Qh8 17. Qb3 Qh1+ 18. Bf1 Rb8 19. O-O-O Nxf2 20. Re1 Qh7 21. Nf4 Ne4 22. Bd3 f5 23. Nxe6 Kxe6 24. g4 fxg4 25. Qc2 1-0

[Event "Early-Titled-Tuesday-Blitz-February-06-2024"]
[Site "Chess.com"]
[Date "2024.02.06"]
[Round "8"]
[White "GothamChess"]
[Black "Levanzovsky"]
[Result "1-0"]
[WhiteElo "2694"]
[BlackElo "2514"]
[TimeControl "180+1"]
[EndTime "9:27:37 PST"]
[Termination "GothamChess won by resignation"]

1. e4 g6 2. Bc4 Nf6 3. e5 d5 4. Bb3 Nfd7 5. d4 Nb6 6. h4 h5 7. a4 a5 8. Nh3 Bg4 9. Qd3 Bxh3 10. Rxh3 e6 11. Bg5 Be7 12. Rg3 Bxg5 13. Rxg5 Nc6 14. c3 Ne7 15. Qh3 c5 16. Na3 cxd4 17. cxd4 Nf5 18.
Nb5 Qe7 19. Kf1 Rc8 20. Rxf5 exf5 21. Nd6+ Kd7 22. Nxb7 Qb4 23. Nc5+ Ke7 24. Qe3 Nc4 25. Qg5+ Ke8 26. Qf6 Rxc5 27. Qxh8+ Kd7 28. e6+ fxe6 29. dxc5 Qxb3 30. Re1 Qxb2 31. c6+ Kxc6 32. Qc8+ Kb6 33. Rxe6+ 1-0

[Event "Early-Titled-Tuesday-Blitz-February-06-2024"]
[Site "Chess.com"]
[Date "2024.02.06"]
[Round "8"]
[White "campochess"]
[Black "LeoWin2012"]
[Result "0-1"]
[WhiteElo "2069"]
[BlackElo "2149"]
[TimeControl "180+1"]
[EndTime "9:27:37 PST"]
[Termination "LeoWin2012 won on time"]

1. e4 e6 2. Qe2 g6 3. d4 Bg7 4. Nf3 Ne7 5. Bg5 d6 6. Nbd2 Nbc6 7. c3 h6 8. Be3 a5 9. a3 Bd7 10. g4 g5 11. h4 f6 12. hxg5 fxg5 13. Qd3 e5 14. d5 Nb8 15. c4 Bxg4 16. Be2 Na6 17. O-O-O Ng6 18. c5 Nxc5 19. Bxc5 dxc5 20. Qb5+ Qd7 21.
Qxc5 Nf4 22. Bb5 c6 23. dxc6 Nd3+ 24. Bxd3 Qxd3 25. Nxe5 Qd8 26. c7 Qf6 27. c8=Q+ Rxc8 28. Qxc8+ Bxc8 29. Ndc4 O-O 0-1

[Event "Early-Titled-Tuesday-Blitz-February-06-2024"]
[Site "Chess.com"]
[Date "2024.02.06"]
[Round "8"]
[White "Leebit02"]
[Black "Flaccidmoves"]
[Result "0-1"]
[WhiteElo "2552"]
[BlackElo "2460"]
[TimeControl "180+1"]
[EndTime "9:27:39 PST"]
[Termination "Flaccidmoves won by resignation"]

1. d4 Nf6 2. Nf3 g6 3. Nbd2 d5 4. b3 c5 5. dxc5 Bg7 6. Bb2 Na6 7. e3 Nxc5 8. Be2 O-O 9. O-O b6 10. a4 Bb7 11. b4 Nce4 12. Nxe4 dxe4 13. Nd4 Nd5 14.
b5 Rc8 15. c4 Nb4 16. Qb3 Nd3 17. Bc3 Qc7 18. Bxd3 exd3 19. Nc6 Bxc6 20. Bxg7 Kxg7 21. bxc6 Qxc6 22. Qxd3 Qxc4 23. Qxc4 Rxc4 24. a5 b5 25. a6 Rd8 26. Ra5 b4 27. Rb5 Rd6 28. Ra5 Rb6 29. Rb1 b3 30. Kf1 Rc2 31. Ke1 b2 32.
Rd5 Rxa6 33. Rb5 Rc1+ 0-1